 Dungeon Crawl Stone Soup version 0.27-a0-103-g6cd7b45605 (webtiles) character file.

Game seed: 4919979658260460912

77 knot the Chopper (level 4, 52/52 HPs)
             Began as a Demonspawn Berserker on Jan 23, 2021.
             Was a Believer of Trog.
             Quit the game on level 2 of the Dungeon.
             The game lasted 00:02:37 (1594 turns).

knot the Chopper (Demonspawn Berserker)             Turns: 1594, Time: 00:02:38

Health: 52/52      AC:  6    Str: 18    XL:     4   Next: 14%
Magic:  4/4        EV: 11    Int:  9    God:    Trog [**....]
Gold:   30         SH:  0    Dex: 12    Spells: 3/3 levels left

rFire    . . .     SeeInvis .   a - +1 hand axe
rCold    . . .     Faith    .   (no shield)
rNeg     . . .     Spirit   .   f - +1 ring mail
rPois    .         Reflect  .   (helmet restricted)
rElec    .         Harm     .   (no cloak)
rCorr    .         Rampage  .   (no gloves)
Will     .....     Rnd*Tele +   (no boots)
Stlth    ..........             (no amulet)
HPRegen  2.17/turn              b - ring of teleportation (curse)
MPRegen  0.09/turn              (no ring)

@: berserking, very quick
A: horns 1, powered by death 1
a: Renounce Religion, Berserk, Trog's Hand


You were on level 2 of the Dungeon.
You worshipped Trog.
Trog was pleased with you.
You visited 1 branch of the dungeon, and saw 3 of its levels.

You collected 30 gold pieces.

Inventory:

Hand Weapons
 a - a +1 hand axe (weapon)
Missiles
 c - 113 stones
 i - 21 sling bullets
Armour
 f - a +1 ring mail (worn)
Jewellery
 b - a cursed ring of teleportation (left hand)
Scrolls
 d - 6 scrolls of identify
 k - a scroll of teleportation
Potions
 h - a potion of brilliance {unknown}
 j - a potion of curing {unknown}
 m - a potion of heal wounds


   Skills:
 - Level 3.0 Fighting
 + Level 4.6 Axes
 - Level 1.7 Armour
 - Level 1.7 Dodging


You had 3 spell levels left.
You didn't know any spells.
Your spell library was empty.

Dungeon Overview and Level Annotations

Branches:
Dungeon (3/15)

Altars:
Yredelemnul


Innate Abilities, Weirdness & Mutations

You have a pair of small horns on your head.
You regenerate a little health from kills.


Message History

You closely miss the adder.
The adder is lightly wounded.
You hit the hobgoblin. You hit the rat.
You kill the rat!
Trog accepts your kill. The adder closely misses you.
The hobgoblin hits you but does no damage.
You slash the hobgoblin!
You kill the hobgoblin!
Trog accepts your kill.
You slash the adder!
You kill the adder!
Trog accepts your kill.
You slash the worm!
You have reached level 4!
You feel stronger.
You feel monstrous as your demonic heritage exerts itself.
Your demonic ancestry asserts itself...
A pair of horns grows on your head!
Are you sure you want to abandon this character and quit the game? (Confirm with "yes".)

....... .......
....... .#
....... .#
....... .#
.......###.#
###
......††...#
....
#....@...#.....
#....)w..'.....
###......#....
#......# ..
#......#
#......#
.'......#
#.#......#
#.#......#


You could see a worm.

Vanquished Creatures
  2 adders
  2 worms (D:3)
  4 dart slugs
  4 leopard geckos
  6 hobgoblins
  3 jackals (D:3)
  A ball python (D:1)
  3 bats
  5 frilled lizards
  2 goblins (D:3)
  7 kobolds
  5 rats
44 creatures vanquished.

Notes
Turn   | Place    | Note
-------+----------+-------------------------------------------
     0 | D:1      | knot the Demonspawn Berserker began the quest for the Orb.
     0 | D:1      | Reached XP level 1. HP: 18/18 MP: 1/1
   110 | D:1      | Reached skill level 3 in Axes
   259 | D:1      | Gained mutation: You regenerate a little health from kills.
                  | [demonic ancestry]
   259 | D:1      | Reached XP level 2. HP: 18/24 MP: 2/2
   562 | D:1      | You fall into a shaft and drop 1 floor!
   562 | D:2      | Found a basalt altar of Yredelemnul.
   590 | D:3      | Reached XP level 3. HP: 29/29 MP: 3/3
   770 | D:3      | Reached ** piety under Trog
   774 | D:3      | Reached skill level 4 in Axes
  1594 | D:2      | Gained mutation: You have a pair of small horns on your
                  | head. [demonic ancestry]
  1594 | D:2      | Reached XP level 4. HP: 35/35 MP: 4/4
  1594 | D:2      | Quit the game

Illustrated notes

Levels and vault maps discovered:
D:1:      dpeg_arrival_leaves_temple_mockup, layout_basic, chequers_garden
D:2:      layout_basic, nicolae_overflow_hidden_temple, minmay_lizard_king,
          uniq_terence
D:3:      layout_rooms, minivault_19, due_unseen_surprise

Skill      XL: |  1  2  3 |
---------------+----------+-----
Axes           | 3 4 |  4.6
Fighting       | |  3.0
Armour         | |  1.7
Dodging        | |  1.7

Action                   |  1- 3 |  4- 6 || total
-------------------------+-------+-------++-------
Melee: Hand axe          |   103 |       ||   103
Invok: Berserk           |     4 |       ||     4
  Use: Scroll            |     5 |       ||     5
Armor: Ring mail         |    23 |       ||    23
       Animal skin       |     1 |       ||     1
Dodge: Dodged            |    60 |       ||    60

Table legend: (Time is in decaauts)
 A = Elapsed time spent in this place.
 B = Non-inter-level travel time spent in this place.
 C = Inter-level travel time spent in this place.
 D = Time resting spent in this place.
 E = Time spent auto-exploring this place.
 F = Levels seen in this place.
 G = Mean time per level.
                   A        B        C        D        E       F      G
               +--------+--------+--------+--------+--------+-----+--------+
         Total |   1636 |   1510 |    126 |    234 |    992 |   3 |  545.3 |
       Dungeon |   1636 |   1510 |    126 |    234 |    992 |   3 |  545.3 |
               +--------+--------+--------+--------+--------+-----+--------+

Top non-repeatable levels by time:
     D:1: 1045 daAuts
     D:3: 327 daAuts
     D:2: 263 daAuts
